PBL
LOS ANGELES DODGERS @ KANSAS CITY ROYALS
08/09/2071
 
TOP OF THE 1ST
Los Angeles Dodgers batting - Pitching for Kansas City Royals : RHP Víctor Jiménez
Pitching: RHP Víctor Jiménez
Batting: LHB Marcos Miró 0-0: Ball
1-0: Foul Ball, location: 7LMF
1-1: Foul Ball, location: 2LF
1-2: Foul Ball, location: 3F
1-2: SINGLE (Groundball, 6MD, EV 95.0 MPH)
Batting: RHB Bill McBryde 0-0: Called Strike
0-1: Foul Ball, location: 2F
0-2: Ball
1-2: Foul Ball, location: 3FF
1-2: Ball
2-2: Foul Ball, location: 5F
2-2: Ball
3-2: Fly out, F4 (Popup, 4, EV 63.1 MPH)
Batting: LHB Bradley Richards 0-0: Ball
1-0: Called Strike
1-1: Swinging Strike
1-2: Ball
2-2: Foul Ball, location: 2F
2-2: Ball
3-2: Fly out, F7 (Flyball, 78S, EV 88.1 MPH)
Batting: LHB Bill McMillan 0-0: Ball
1-0: Called Strike
1-1: Called Strike
Marcos Miró steals 2nd base
1-2: Foul Ball, location: 9LMF
1-2: Foul Ball, location: 2F
1-2: Ball
2-2: Foul Ball, location: 3F
2-2: Ball
3-2: 2-RUN HOME RUN (Flyball, 9D, EV 98.8 MPH), Distance : 390 ft
Batting: LHB Phil Hubbard 0-0: Called Strike
0-1: Called Strike
0-2: Foul Ball, location: 7LDF
0-2: Ball
1-2: Ground out 3-1 (Groundball, 34, EV 104.4 MPH)
Top of the 1st over - 2 runs, 2 hits, 0 errors, 0 left on base; Los Angeles 2 - Kansas City 0
BOTTOM OF THE 1ST
Kansas City Royals batting - Pitching for Los Angeles Dodgers : RHP Dave Clark
Pitching: RHP Dave Clark
Batting: RHB Neal Martin 0-0: Called Strike
0-1: Foul Ball, location: 9LMF
0-2: Ball
1-2: Foul Ball, location: 2F
1-2: Ground out 1-3 (Groundball, 34S, EV 70.6 MPH)
Batting: RHB Andrés Mota 0-0: Called Strike
0-1: Ball
1-1: SINGLE (Groundball, 3D, EV 102.5 MPH)
Batting: RHB Edgardo Pérez 0-0: Ball
1-0: Fly out, F7 (Line Drive, 7LS, EV 98.1 MPH)
Batting: RHB Tamuramaro Maeda 0-0: Ball
1-0: 2-RUN HOME RUN (Flyball, 78XD, EV 99.4 MPH), Distance : 396 ft
Batting: RHB David Harris 0-0: Ball
1-0: Fly out, F7 (Flyball, 78S, EV 84.4 MPH)
Bottom of the 1st over - 2 runs, 2 hits, 0 errors, 0 left on base; Los Angeles 2 - Kansas City 2
TOP OF THE 2ND
Los Angeles Dodgers batting - Pitching for Kansas City Royals : RHP Víctor Jiménez
Batting: RHB Jhonn Williams 0-0: Called Strike
0-1: Fly out, F8 (Flyball, 8RD, EV 83.8 MPH)
Batting: RHB Emílio Méndez 0-0: Ball
1-0: Called Strike
1-1: Fly out, F8 (Flyball, 78D, EV 102.5 MPH)
Batting: RHB Christian Gibbons 0-0: Called Strike
0-1: Called Strike
0-2: Ground out 5-3 (Groundball, 56S, EV 85.6 MPH)
Top of the 2nd over - 0 runs, 0 hits, 0 errors, 0 left on base; Los Angeles 2 - Kansas City 2
BOTTOM OF THE 2ND
Kansas City Royals batting - Pitching for Los Angeles Dodgers : RHP Dave Clark
Batting: LHB Winston Joya 0-0: Called Strike
0-1: Ball
1-1: Foul Ball, location: 2F
1-2: Ball
2-2: Ball
3-2: Base on Balls
Batting: RHB Tony Solís 0-0: Ball
1-0: Swinging Strike
1-1: Called Strike
1-2: Ball
2-2: Strikes out swinging
Batting: LHB Sergio Longoria 0-0: Called Strike
0-1: Ball
1-1: Ball
2-1: Ball
3-1: Foul Ball, location: 2F
3-2: Base on Balls
Winston Joya to second
Batting: RHB Koji Omori 0-0: Called Strike
0-1: Ball
1-1: Called Strike
1-2: Ball
2-2: Ball
3-2: Foul Ball, location: 3FF
3-2: Strikes out swinging
Batting: RHB Neal Martin 0-0: Called Strike
0-1: Called Strike
0-2: Ball
1-2: Foul Ball, location: 9LMF
1-2: Ball
2-2: Foul Ball, location: 2F
2-2: Ground out 4-3 (Groundball, 4, EV 88.8 MPH)
Bottom of the 2nd over - 0 runs, 0 hits, 0 errors, 2 left on base; Los Angeles 2 - Kansas City 2
TOP OF THE 3RD
Los Angeles Dodgers batting - Pitching for Kansas City Royals : RHP Víctor Jiménez
Batting: RHB Sam Jackson 0-0: DOUBLE (Flyball, 8LXD, EV 101.9 MPH)
Batting: LHB Marcos Miró 0-0: Ball
1-0: Ball
2-0: SINGLE (Line Drive, 8LS, EV 91.9 MPH)
Sam Jackson to third
Batting: RHB Bill McBryde 0-0: Ball
1-0: Called Strike
1-1: Foul Ball, location: 25F
1-2: Grounds into double play, 5-4-3 (Groundball, 56, EV 101.9 MPH)
Sam Jackson scores
Batting: LHB Bradley Richards 0-0: Ball
1-0: Ball
2-0: Swinging Strike
2-1: Ball
3-1: Foul Ball, location: 7LDF
3-2: Strikes out swinging
Top of the 3rd over - 1 run, 2 hits, 0 errors, 0 left on base; Los Angeles 3 - Kansas City 2
BOTTOM OF THE 3RD
Kansas City Royals batting - Pitching for Los Angeles Dodgers : RHP Dave Clark
Batting: RHB Andrés Mota 0-0: Called Strike
0-1: Swinging Strike
0-2: Ball
1-2: Ground out 4-3 (Groundball, 4M, EV 108.1 MPH)
Batting: RHB Edgardo Pérez 0-0: Ball
1-0: Swinging Strike
1-1: Foul Ball, location: 3SF
1-2: Ball
2-2: Fly out, F7 (Flyball, 78S, EV 78.1 MPH)
Batting: RHB Tamuramaro Maeda 0-0: Fly out, F9 (Flyball, 9LM, EV 90.0 MPH)
Bottom of the 3rd over - 0 runs, 0 hits, 0 errors, 0 left on base; Los Angeles 3 - Kansas City 2
TOP OF THE 4TH
Los Angeles Dodgers batting - Pitching for Kansas City Royals : RHP Víctor Jiménez
Batting: LHB Bill McMillan 0-0: Ball
1-0: Called Strike
1-1: Fly out, F5 (Popup, 5F, EV 70.0 MPH)
Batting: LHB Phil Hubbard 0-0: Foul Ball, location: 7LMF
0-1: Foul Ball, location: 7LDF
0-2: Hit by Pitch
Batting: RHB Jhonn Williams 0-0: Called Strike
0-1: Swinging Strike
0-2: Strikes out swinging
Batting: RHB Emílio Méndez 0-0: Called Strike
0-1: Ball
Balk!
Phil Hubbard to second
1-1: Swinging Strike
1-2: Ball
2-2: Ball
3-2: Base on Balls
Batting: RHB Christian Gibbons 0-0: Ball
1-0: Called Strike
1-1: Ground out 4-3 (Groundball, 4, EV 84.4 MPH)
Top of the 4th over - 0 runs, 0 hits, 0 errors, 2 left on base; Los Angeles 3 - Kansas City 2
BOTTOM OF THE 4TH
Kansas City Royals batting - Pitching for Los Angeles Dodgers : RHP Dave Clark
Batting: RHB David Harris 0-0: Swinging Strike
0-1: Ball
1-1: Foul Ball, location: 3SF
1-2: Strikes out looking
Batting: LHB Winston Joya 0-0: DOUBLE (Line Drive, 7LS, EV 90.0 MPH)
Batting: RHB Tony Solís 0-0: Foul Ball, location: 5F
0-1: Ground out 4-3 (Groundball, 4, EV 60.6 MPH)
Winston Joya to third
Batting: LHB Sergio Longoria 0-0: Ground out 6-3 (Groundball, 6MD, EV 80.0 MPH)
Bottom of the 4th over - 0 runs, 1 hit, 0 errors, 1 left on base; Los Angeles 3 - Kansas City 2
TOP OF THE 5TH
Los Angeles Dodgers batting - Pitching for Kansas City Royals : RHP Víctor Jiménez
Batting: RHB Sam Jackson 0-0: Foul Ball, location: 2F
0-1: Ball
1-1: Called Strike
1-2: Ball
2-2: Ball
3-2: Strikes out swinging
Batting: LHB Marcos Miró 0-0: Ball
1-0: Foul Ball, location: 3FF
1-1: Swinging Strike
1-2: Ball
2-2: Ball
3-2: Base on Balls
Batting: RHB Bill McBryde 0-0: Ball
1-0: Ball
2-0: Ball
3-0: Base on Balls
Marcos Miró to second
Pitching: RHP Tommy Gardner
Batting: LHB Bradley Richards 0-0: Called Strike
0-1: Ball
1-1: Ball
2-1: Swinging Strike
2-2: Strikes out looking
Batting: LHB Bill McMillan 0-0: Ball
1-0: Swinging Strike
1-1: Ball
Marcos Miró steals 3rd base
2-1: Ball
3-1: Base on Balls
Bill McBryde to second
Batting: LHB Phil Hubbard 0-0: Ball
1-0: Ball
2-0: Ball
3-0: Base on Balls
Marcos Miró scores
Bill McBryde to third
Bill McMillan to second
Batting: RHB Jhonn Williams 0-0: Foul Ball, location: 5DF
0-1: Ground out 1-3 (Groundball, 15S, EV 72.5 MPH)
Top of the 5th over - 1 run, 0 hits, 0 errors, 3 left on base; Los Angeles 4 - Kansas City 2
BOTTOM OF THE 5TH
Kansas City Royals batting - Pitching for Los Angeles Dodgers : RHP Dave Clark
Batting: RHB Koji Omori 0-0: Ball
1-0: Ball
2-0: Foul Ball, location: 3F
2-1: Ground out 4-3 (Groundball, 4, EV 83.8 MPH)
Batting: RHB Neal Martin 0-0: Called Strike
0-1: Ball
1-1: Swinging Strike
1-2: Ball
2-2: Ground out U3 (Groundball, 34, EV 90.0 MPH)
Batting: RHB Andrés Mota 0-0: Reached on error, E3 (Groundball, 3S, EV 72.5 MPH)
Batting: RHB Edgardo Pérez 0-0: Ball
1-0: Foul Ball, location: 23F
1-1: Foul Ball, location: 9LSF
1-2: 2-RUN HOME RUN (Flyball, 9D, EV 97.5 MPH), Distance : 381 ft
Batting: RHB Tamuramaro Maeda 0-0: Ball
1-0: Ball
2-0: SOLO HOME RUN (Flyball, 78XD, EV 100.6 MPH), Distance : 402 ft
Pitching: RHP Esteban Chávez
Batting: RHB David Harris 0-0: Ball
1-0: Called Strike
1-1: Ball
2-1: Foul Ball, location: 2F
2-2: Fly out, F7 (Flyball, 7, EV 86.9 MPH)
Bottom of the 5th over - 3 runs, 2 hits, 1 error, 0 left on base; Los Angeles 4 - Kansas City 5
TOP OF THE 6TH
Los Angeles Dodgers batting - Pitching for Kansas City Royals : RHP Tommy Gardner
Batting: RHB Emílio Méndez 0-0: Swinging Strike
0-1: Ball
1-1: Foul Ball, location: 5DF
1-2: Strikes out swinging
Batting: RHB Christian Gibbons 0-0: Ball
1-0: Ball
2-0: Fly out, F5 (Popup, 5L, EV 60.6 MPH)
Batting: RHB Sam Jackson 0-0: Foul Ball, location: 9LMF
0-1: DOUBLE (Flyball, 78XD, EV 108.1 MPH)
Batting: LHB Marcos Miró 0-0: Ball
1-0: Ball
2-0: Called Strike
2-1: Foul Ball, location: 2F
2-2: Foul Ball, location: 9LSF
2-2: TRIPLE (Line Drive, 8RXD, EV 103.1 MPH)
Sam Jackson scores
Batting: RHB Bill McBryde 0-0: Called Strike
0-1: Ball
1-1: Reached on error, E5 (Groundball, 56, EV 91.3 MPH)
Marcos Miró scores
Batting: LHB Bradley Richards 0-0: Called Strike
0-1: Swinging Strike
0-2: Foul Ball, location: 7LSF
0-2: Ball
1-2: Strikes out swinging
Top of the 6th over - 2 runs, 2 hits, 1 error, 1 left on base; Los Angeles 6 - Kansas City 5
BOTTOM OF THE 6TH
Kansas City Royals batting - Pitching for Los Angeles Dodgers : RHP Esteban Chávez
Batting: LHB Winston Joya 0-0: Swinging Strike
0-1: Called Strike
0-2: Ground out 6-3 (Groundball, P, EV 91.9 MPH)
Batting: RHB Tony Solís 0-0: Called Strike
0-1: Ball
1-1: Fly out, F6 (Line Drive, 6M, EV 94.4 MPH)
Batting: LHB Sergio Longoria 0-0: Called Strike
0-1: Ball
1-1: Foul Ball, location: 3SF
1-2: Strikes out swinging
Bottom of the 6th over - 0 runs, 0 hits, 0 errors, 0 left on base; Los Angeles 6 - Kansas City 5
TOP OF THE 7TH
Los Angeles Dodgers batting - Pitching for Kansas City Royals : RHP Tommy Gardner
Pitching: LHP Takiji Miura
Batting: LHB Bill McMillan 0-0: Ball
1-0: Foul Ball, location: 2F
1-1: Foul Ball, location: 9LDF
1-2: Ground out 4-3 (Groundball, 4, EV 91.3 MPH)
Batting: LHB Phil Hubbard 0-0: Called Strike
0-1: Foul Ball, location: 7LMF
0-2: Strikes out swinging
Pitching: RHP Javier Fernández
Batting: RHB Jhonn Williams 0-0: Fly out, F4 (Popup, 34D, EV 72.5 MPH)
Top of the 7th over - 0 runs, 0 hits, 0 errors, 0 left on base; Los Angeles 6 - Kansas City 5
BOTTOM OF THE 7TH
Kansas City Royals batting - Pitching for Los Angeles Dodgers : RHP Esteban Chávez
Pitching: RHP Lorenzo Crespo
Batting: RHB Koji Omori 0-0: Ball
1-0: Ball
2-0: Foul Ball, location: 9LSF
2-1: Ball
3-1: Fly out, F7 (Flyball, 7S, EV 78.1 MPH)
Batting: RHB Neal Martin 0-0: Ball
1-0: Fly out, F7 (Line Drive, 7D, EV 110.6 MPH)
Batting: RHB Andrés Mota 0-0: Ball
1-0: Called Strike
1-1: Foul Ball, location: 9LSF
1-2: Foul Ball, location: 3FF
1-2: Ground out 4-3 (Groundball, 4, EV 92.5 MPH)
Bottom of the 7th over - 0 runs, 0 hits, 0 errors, 0 left on base; Los Angeles 6 - Kansas City 5
TOP OF THE 8TH
Los Angeles Dodgers batting - Pitching for Kansas City Royals : RHP Javier Fernández
Batting: RHB Emílio Méndez 0-0: Ground out 6-3 (Groundball, P, EV 88.1 MPH)
Batting: RHB Christian Gibbons 0-0: Ball
1-0: Called Strike
1-1: Swinging Strike
1-2: Ball
2-2: Ball
3-2: Fly out, F9 (Flyball, 9D, EV 108.1 MPH)
Batting: RHB Sam Jackson 0-0: Called Strike
0-1: Ball
1-1: Foul Ball, location: 5SF
1-2: SINGLE (Groundball, 6MD, EV 110.6 MPH)
Batting: LHB Marcos Miró 0-0: Ball
1-0: Foul Ball, location: 2F
1-1: Ball
2-1: Ball
3-1: Swinging Strike
3-2: Foul Ball, location: 2F
3-2: Ground out U3 (Groundball, 3L, EV 83.8 MPH)
Top of the 8th over - 0 runs, 1 hit, 0 errors, 1 left on base; Los Angeles 6 - Kansas City 5
BOTTOM OF THE 8TH
Kansas City Royals batting - Pitching for Los Angeles Dodgers : RHP Lorenzo Crespo
Batting: RHB Edgardo Pérez 0-0: Called Strike
0-1: Ball
1-1: Ball
2-1: Fly out, F4 (Popup, 34, EV 63.1 MPH)
Batting: RHB Tamuramaro Maeda 0-0: Ball
1-0: Ball
2-0: Swinging Strike
2-1: Ball
3-1: Called Strike
3-2: Base on Balls
Batting: RHB David Harris 0-0: Ball
1-0: Ball
2-0: Ball
3-0: Called Strike
3-1: SINGLE (Groundball, 6MD, EV 102.5 MPH) (infield hit)
Tamuramaro Maeda to second
Batting: LHB Winston Joya 0-0: Ball
1-0: Ball
2-0: SINGLE (Line Drive, 7S, EV 87.5 MPH)
Tamuramaro Maeda to third
David Harris to second
Batting: RHB Tony Solís 0-0: Called Strike
0-1: Called Strike
0-2: Grounds into double play, 6-2-3 (Groundball, 56, EV 80.0 MPH)
Bottom of the 8th over - 0 runs, 2 hits, 0 errors, 2 left on base; Los Angeles 6 - Kansas City 5
TOP OF THE 9TH
Los Angeles Dodgers batting - Pitching for Kansas City Royals : RHP Javier Fernández
Batting: RHB Bill McBryde 0-0: Foul Ball, location: 3F
0-1: Hit by Pitch
Batting: LHB Bradley Richards 0-0: Foul Ball, location: 7LDF
0-1: Ball
1-1: Foul Ball, location: 9LSF
1-2: Ball
2-2: Ball
Wild Pitch!
Bill McBryde to second
3-2: Base on Balls
Batting: LHB Bill McMillan 0-0: 3-RUN HOME RUN (Flyball, 9LD, EV 95.0 MPH), Distance : 356 ft
Pitching: LHP Tony Cardenas
Batting: LHB Phil Hubbard 0-0: Ball
1-0: Ball
2-0: Ball
3-0: Fly out, F9 (Flyball, 9, EV 91.9 MPH)
Batting: RHB Jhonn Williams 0-0: Ball
1-0: Ball
2-0: Called Strike
2-1: Ball
3-1: SINGLE (Flyball, 56D, EV 81.9 MPH)
Batting: RHB Emílio Méndez 0-0: Fly out, F8 (Flyball, 8LD, EV 103.8 MPH)
Batting: RHB Christian Gibbons 0-0: Ball
1-0: Ball
2-0: Called Strike
2-1: Ball
3-1: SINGLE (Line Drive, 34D, EV 98.8 MPH)
Jhonn Williams to second
Runner from 2nd tries for 3rd, SAFE, throw by RF made to third
Batting: RHB Sam Jackson 0-0: Called Strike
0-1: Called Strike
0-2: Ball
1-2: Foul Ball, location: 3F
1-2: Fielders Choice at 2nd, 6-4 (Groundball, 6, EV 86.3 MPH)
Top of the 9th over - 3 runs, 3 hits, 0 errors, 2 left on base; Los Angeles 9 - Kansas City 5
BOTTOM OF THE 9TH
Kansas City Royals batting - Pitching for Los Angeles Dodgers : RHP Lorenzo Crespo
Pitching: RHP Bo Miller
Now at 2B: Brian Armstrong
Now at 3B: Sam Jackson
Batting: LHB Sergio Longoria 0-0: Ball
1-0: Ball
2-0: Called Strike
2-1: Foul Ball, location: 7LMF
2-2: Ball
3-2: Foul Ball, location: 2F
3-2: Base on Balls
Pitching: RHP Jorge Rodríguez
Batting: RHB Koji Omori 0-0: Fly out, F6 (Popup, 6D, EV 63.8 MPH)
Batting: RHB Neal Martin 0-0: Ball
1-0: Fly out, F8 (Flyball, 8LD, EV 108.1 MPH)
Batting: RHB Andrés Mota 0-0: Called Strike
0-1: Ground out 4-3 (Groundball, 4, EV 86.9 MPH)
Bottom of the 9th over - 0 runs, 0 hits, 0 errors, 1 left on base; Los Angeles 9 - Kansas City 5
Thursday, May 2nd , 2024 - OOTP Baseball 24.10 Build 82